 Dungeon Crawl Stone Soup version 0.28.0-45-g0d030f2227 (webtiles) character file.

Game seed: 4368975602743755952

63 McKennaii the Covered (level 3, 0/31 HPs)
             Began as a Demigod Fighter on Apr 18, 2022.
             Succumbed to an adder's poison
             ... on level 2 of the Dungeon.
             The game lasted 00:01:14 (1352 turns).

McKennaii the Covered (Demigod Fighter)             Turns: 1352, Time: 00:01:14

Health: 0/31       AC:  6    Str: 21    XL:     3   Next: 61%
Magic:  5/5        EV:  9    Int: 10    God:
Gold:   42         SH:  4    Dex: 13    Spells: 2/2 levels left

rFire   . . .      SeeInvis .   a - +0 trident
rCold   . . .      Faith    .   c - +0 buckler
rNeg    . . .      Spirit   .   b - +0 scale mail
rPois   .          Reflect  .   (no helmet)
rElec   .          Harm     .   (no cloak)
rCorr   .          Rampage  .   (no gloves)
Will    .....                   (no boots)
Stlth   ..........              (no amulet)
HPRegen 0.10/turn               (no ring)
MPRegen 0.09/turn               (no ring)

@: lethally poisoned (0 -> -2)
A: high MP 1, forlorn, divine attributes
a: no special abilities


You were on level 2 of the Dungeon.
You visited 1 branch of the dungeon, and saw 2 of its levels.

You collected 42 gold pieces.

Inventory:

Hand Weapons
 a - a +0 trident (weapon)
Armour
 b - a +0 scale mail (worn)
 c - a +0 buckler (worn)
Scrolls
 e - a scroll of vulnerability {unknown}
 f - a scroll of brand weapon {unknown}
 g - 2 scrolls of teleportation {unknown}
 h - a scroll of identify {unknown}
Potions
 d - a potion of might


   Skills:
 + Level 3.2 Fighting
 + Level 2.4 Polearms
 + Level 3.2 Armour
 + Level 3.2 Shields


You had 2 spell levels left.
You didn't know any spells.
Your spell library was empty.

Dungeon Overview and Level Annotations

Branches:
Dungeon (2/15)


Innate Abilities, Weirdness & Mutations

You have an increased reservoir of magic. (+10% MP)
You shall have no god before yourself.
Your divine heritage dramatically boosts your attributes as you level up.


Message History

You are too injured to fight recklessly!
You are too injured to fight recklessly!
Unknown command.
You barely miss the adder.
You feel sick. The adder bites you but does no damage.
The adder closely misses you.
Unknown command.
You hit the adder.
The adder is lightly wounded.
You feel sick. The adder barely misses you.
You barely miss the adder.
The adder is lightly wounded.
You feel sick.
The adder bites you but does no damage. x2
You miss the adder.
The adder is lightly wounded.
You feel sick.
You are no longer poisoned.
The adder barely misses you.
You puncture the adder!
The adder is almost dead.
The adder bites you.
* * * LOW HITPOINT WARNING * * *
You are lethally poisoned!
The adder poisons you! You block the adder's attack.
You hit the adder.
You kill the adder!
* * * LOW HITPOINT WARNING * * *
You feel sick.
Unknown command.
Okay, then.
You hit the hobgoblin.
The hobgoblin is heavily wounded.
* * * LOW HITPOINT WARNING * * *
You feel sick. The hobgoblin closely misses you.
You puncture the hobgoblin!
You kill the hobgoblin!
* * * LOW HITPOINT WARNING * * *
You feel sick.
You hit the jackal.
The jackal is heavily wounded.
You die...

#....#####.# #†## .##
###..........###...
...
.......††..........
#.# #.................
#...#.##.#.###...#####
#...#.#..#.###...#####
+................+....
#...#h#....###...#####
#. #@#S.#####...#
#.#.h...##...#
#.#...#.#####
#.#.........####
#.#.#.#......$..
#.....#.........
###.###......... #.
#)........ #+
#.........


You could see a jackal.

Vanquished Creatures
  2 adders (D:2)
  3 dart slugs (D:1)
  7 bats
  2 endoplasms
  2 giant cockroaches (D:1)
  5 hobgoblins
  3 jackals
  4 ball pythons (D:1)
  2 frilled lizards (D:1)
  3 goblins
  A kobold (D:2)
  3 rats
37 creatures vanquished.

Notes
Turn   | Place    | Note
-------+----------+-------------------------------------------
     0 | D:1      | McKennaii the Demigod Fighter began the quest for the Orb.
     0 | D:1      | Reached XP level 1. HP: 18/18 MP: 3/3
   266 | D:1      | Reached XP level 2. HP: 21/25 MP: 4/4
  1075 | D:1      | Reached XP level 3. HP: 31/31 MP: 5/5
  1351 | D:2      | HP: 1/31 [poisoned by an adder]
  1352 | D:2      | Succumbed to an adder's poison

Illustrated notes

Levels and vault maps discovered:
D:1:      psy_arrival_terrarium, layout_loops_ring,
          hellmonk_ecumenical_altar_dog_temple
D:2:      layout_basic, basic_altar, lightli_corner_chamber

Skill      XL: |  1  2 |
---------------+-------+-----
Polearms       | 2 |  2.4
Armour         | 3 |  3.2
Fighting       | 3 |  3.2
Shields        | 3 |  3.2

Action                   || total
-------------------------++-------
Melee: Trident           ||   141
Armor: Scale mail        ||    68
Dodge: Dodged            ||    48
Block: Buckler           ||    35
